AoeStats
← Tunga

Arabia

507319646Analyzed
1v1 RM · 15d ago on Sep 17, 2026· 43m 55s· 2 players
Game mode
Random Map
Map size
Tiny (2 player)
Population
200
Speed
Normal
Resources
Standard
Victory
Conquest
Starting age
Dark Age
Ending age
Imperial Age
RankedLock teamsTeams togetherTeam positionsShared explorationLock speedFull tech treeHidden civsTurbo modeCheats
Victory
Defeat
🇪🇸 Bulgarians · Spain
786
+14
🇹🇷 Bohemians · Türkiye
738
-14
Tunga
8:13 Loom
11:24 Feudal Age
12:40 Horse Collar
12:48 Double-Bit Axe
13:44 Wheelbarrow
14:40 Man-at-Arms
16:47 Scale Mail Armor
27:44 Castle Age
29:20 Hand Cart
29:27 Pikeman
30:07 Squires
31:11 Husbandry
CozyBuckle6763
8:18 Loom
14:26 Feudal Age
16:18 Wheelbarrow
23:20 Castle Age
28:05 Fletching
34:44 Forging
38:21 Scale Barding Armor
39:56 Iron Casting
Connection lost

Rejoining the realm…

Still unreachable

The connection could not be restored.

Session expired

The server has moved on; the page needs a fresh start.